 Dungeon Crawl Stone Soup version 0.20.1-1-g8b1a95d (webtiles) character file.

234 seb29deBrest the Covered (level 6, 0/72 HPs)
             Began as a Barachi Fighter on Nov 9, 2017.
             Slain by an adder (3 damage)
             ... while paralysed by Grinder
             ... on level 3 of the Dungeon on Nov 10, 2017.
             The game lasted 00:22:23 (2157 turns).

seb29deBrest the Covered (Barachi Fighter)          Turns: 2157, Time: 00:22:23

Health: 0/72       AC: 23    Str: 19    XL:     6   Next: 5%
Magic:  6/6        EV: -1    Int:  8    God:
Gold:   124        SH:  0    Dex: 12    Spells: 5/5 levels left

rFire    . . .     SeeInvis .   a - +1 trident
rCold    . . .     Gourm    .   c - +0 shield
rNeg     + + +     Faith    .   (armour currently unavailable)
rPois    +         Spirit   .   (helmet currently unavailable)
rElec    .         Reflect  .   (cloak currently unavailable)
rCorr    .         Harm     .   (gloves currently unavailable)
MR       .....     NoTele   +   (boots currently unavailable)
Stlth    +.........             (no amulet)
Regen    0.3/turn               (no ring)
MPRegen  0.1/turn               (no ring)

@: paralysed, tree-form (expiring), constricted
A: +LOS, swims
a: no special abilities


You were on level 3 of the Dungeon.
You were not hungry.
You were a tree.
You visited 1 branch of the dungeon, and saw 3 of its levels.

You collected 124 gold pieces.

Inventory:

Hand Weapons
 a - a +1 trident (weapon)
Armour
 b - a +0 scale mail (melded)
 c - a +0 shield (worn)
Wands
 l - a wand of lightning (4/15)
 m - a wand of digging (10/24)
Scrolls
 e - 3 scrolls of identify
 g - a scroll of amnesia
 j - 2 scrolls of remove curse
Potions
 d - a potion of might
Comestibles
 f - a bread ration
 n - a royal jelly
 p - 3 fruits
 r - a meat ration


   Skills:
 + Level 4.2 Fighting
 + Level 3.9 Polearms
 + Level 4.7 Armour
 + Level 2.3 Dodging
 + Level 4.1 Shields


You had 5 spell levels left.
You didn't know any spells.

Dungeon Overview and Level Annotations

Branches:
Dungeon (3/15)

Altars:

Annotations:
D:3 Grinder


Innate Abilities, Weirdness & Mutations

Shadows flee at your approach. (+LOS)
You can swim through water.
((You cover ground slowly.))
((You can hop short distances.))


Message History

The adder bites you but does no damage. The rat bites you but does no damage.
Your shield prevents you from hitting the orc.
The orc is severely wounded.
The rat bites you but does no damage. You block the ball python's attack.
The ball python constricts you. The adder bites you but does no damage.
The orc hits you with a short sword.
* * * LOW HITPOINT WARNING * * *
Grinder gestures at you.
You suddenly lose the ability to move!
The rat bites you.
* * * LOW HITPOINT WARNING * * *
The ball python bites you but does no damage.
The ball python constricts you. The rat bites you but does no damage.
The adder bites you but does no damage. The orc hits you but does no damage.
The rat bites you but does no damage. The adder bites you but does no damage.
The ball python bites you but does no damage.
The ball python constricts you. The rat bites you but does no damage.
You feel a little less mighty now. The orc hits you but does no damage.
The adder bites you.
You die...

###.#.#.#.#..........#. .
......................
..###.#.#.#.#........#.#.
#.............##.........
#W....#.#.#.#......†.....
#$ #......†..###........
#..#.#.#.#)#.†.)<.......
#.....S......###........
#.....o♣.5..........####
........rSr......#.####
.##.............##.#
...........#######..
...........# ##.
.........### . .........#
.# .......... .........#


You could see Grinder, an adder, an orc, a ball python and 2 rats.

Vanquished Creatures
  The ghost of Marlhin the Conjurer, an amateur DrCj (D:3)
  A gnoll (D:1)
  2 adders (D:2)
  2 oozes
  2 worms (D:2)
  An orc (D:3)
  2 ball pythons (D:2)
  A giant cockroach (D:2)
  7 hobgoblins
  6 jackals (D:1)
  9 bats
  5 frilled lizards
  11 goblins
  A jackal skeleton (D:3)
  9 kobolds
  9 rats
  2 fungi (D:1)
71 creatures vanquished.

Notes
Turn   | Place    | Note
-------+----------+-------------------------------------------
     0 | D:1      | seb29deBrest the Barachi Fighter began the quest for the Orb.
     0 | D:1      | Reached XP level 1. HP: 18/18 MP: 1/1
    79 | D:1      | Reached XP level 2. HP: 19/25 MP: 2/2
   770 | D:1      | Reached XP level 3. HP: 25/30 MP: 3/3
  1381 | D:2      | Reached XP level 4. HP: 10/37 MP: 4/4
  2092 | D:3      | Noticed Marlhin's ghost (amateur DrCj)
  2120 | D:3      | Noticed Grinder
  2138 | D:3      | Paralysed by Grinder for 5 turns
  2153 | D:3      | Killed Marlhin's ghost
  2153 | D:3      | Reached XP level 5. HP: 8/42 MP: 5/5
  2153 | D:3      | Reached XP level 6. HP: 9/48 MP: 6/6
  2155 | D:3      | Paralysed by Grinder for 6 turns
  2155 | D:3      | HP: 3/72 [rat (2)]
  2157 | D:3      | Slain by an adder

Skill      XL: |  1  2  3  4 |
---------------+-------------+-----
Armour         | 4 |  4.7
Fighting       | 4 |  4.2
Polearms       | 3 |  3.9
Dodging        | 2 |  2.3
Shields        | 4 |  4.1

Action                   |  1- 3 |  4- 6 || total
-------------------------+-------+-------++-------
Melee: Trident           |   156 |   148 ||   304
Evoke: Wand              |       |     3 ||     3
  Use: Potion            |     2 |     4 ||     6
       Scroll            |     1 |     5 ||     6
  Eat: Chunk             |     1 |       ||     1
       Meat ration       |       |     1 ||     1
Armor: Scale mail        |    83 |    84 ||   167
       Skin              |       |   143 ||   143
Dodge: Dodged            |    47 |    45 ||    92
Block: Shield            |    73 |   123 ||   196
